 Dungeon Crawl Stone Soup version 0.24-a0-525-g9231cdcba1 (webtiles) character file.

Game seed: 14723927648288114478

86 Gynju the Magician (level 4, 0/27 HPs)
             Began as an Octopode Wizard on Aug 1, 2019.
             Slain by a giant cockroach (2 damage)
             ... on level 3 of the Dungeon.
             The game lasted 00:03:58 (2916 turns).

Gynju the Magician (Octopode Wizard)                Turns: 2916, Time: 00:03:58

Health: 0/27       AC:  1    Str:  6    XL:     4   Next: 50%
Magic:  7/10       EV: 13    Int: 21    God:
Gold:   99         SH:  0    Dex: 10    Spells: 6/11 levels left

rFire    . . .     SeeInvis .   m - +0 short sword (vamp)
rCold    . . .     Gourm    .   (no shield)
rNeg     . . .     Faith    .   a - +0 hat
rPois    .         Spirit   .   (no amulet)
rElec    .         Reflect  .   (no ring)
rCorr    .         Harm     .   (no ring)
MR       .....                  (no ring)
Stlth    +++.......             (no ring)
HPRegen  0.09/turn              (no ring)
MPRegen  0.12/turn              (no ring)
                                (no ring)
                                (no ring)

@: no status effects
A: almost no armour, stealthy swim, amphibious, 8 rings, constrict 8, camouflage
1, gelatinous body 1
a: no special abilities


You were on level 3 of the Dungeon.
You were not hungry.

You visited 1 branch of the dungeon, and saw 3 of its levels.

You collected 99 gold pieces.

Inventory:

Hand Weapons
 m - a +0 vampiric short sword (weapon)
Missiles
 d - 85 stones (quivered)
Armour
 a - a +0 hat (worn)
Jewellery
 i - an uncursed amulet of the gourmand {unknown}
 q - an uncursed amulet of harm {unknown}
Scrolls
 e - 2 scrolls of remove curse {unknown}
 f - a scroll of identify {unknown}
 n - a scroll of fear {unknown}
 o - 2 scrolls of fog {unknown}
 p - a scroll of amnesia {unknown}
Potions
 b - a potion of brilliance {unknown}
 g - a potion of degeneration {unknown}
 h - 2 potions of heal wounds {unknown}
 j - a potion of curing {unknown}
 k - 2 potions of mutation {unknown}
 l - a potion of agility {unknown}
Comestibles
 c - 5 rations


   Skills:
 - Level 2.0 Dodging
 - Level 2.6 Stealth
 + Level 4.0 Spellcasting
 + Level 3.0 Conjurations
 - Level 1.0 Summonings
 - Level 1.0 Translocations


You had 6 spell levels left.
You knew the following spells:

 Your Spells              Type           Power        Failure   Level  Hunger
a - Magic Dart            Conj           ###.         3%          1    None
b - Blink                 Tloc           N/A          12%         2    #......
c - Call Imp              Summ           #.......     12%         2    #......

Your spell library contained the following spells:

 Spells                   Type           Power        Failure   Level  Hunger
 Slow                     Hex            #.......     19%         2    #......
 Conjure Flame            Conj/Fire      ##......     19%         3    ###....
 Mephitic Cloud           Conj/Pois/Air  #.......     24%         3    ###....


Dungeon Overview and Level Annotations

Branches:
Dungeon (3/15)

Altars:

Annotations:
D:2 Sigmund


Innate Abilities, Weirdness & Mutations

You cannot wear most types of armour.
You are very stealthy in the water. (Stealth+)
You are amphibious.
You can wear up to eight rings at the same time.
You can use your tentacles to constrict eight enemies at once.
Your skin changes colour to match your surroundings (Stealth+).
Your rubbery body absorbs attacks. (AC +1, EV +1)


Message History

You completely miss something.
You feel less confused.
A giant cockroach comes into view.
Something hits you.
You closely miss something. Your squeeze misses something. Something hits you.
You hit something but do no damage. Your squeeze misses something.
Something hits you.
* * * LOW HITPOINT WARNING * * *
You miss something. Something hits you.
* * * LOW HITPOINT WARNING * * *
Your magical contamination has completely faded away.
You hit something.
You feel better. Something hits you but does no damage.
You hit something but do no damage. Something hits you.
* * * LOW HITPOINT WARNING * * *
The giant cockroach bites you.
* * * LOW HITPOINT WARNING * * *
Something hits you.
* * * LOW HITPOINT WARNING * * *
You miss something. You squeeze something. The giant cockroach bites you.
You die...

#... ### ###.!.
....#....# ..
.......#.###### ..$
.....#........#....
.....#........#....
#........†......
#..........#....
##..@s..........
#..{..#....#...
..###.#...#..#.....
#.......#....##...b
#.......<..........
...[..####†..##....
....#. ....# ...
####.. ###### .S #.
.


You could see a giant cockroach.

Vanquished Creatures
  3 adders (D:2)
  An ooze (D:2)
  3 dart slugs
  2 leopard geckos (D:1)
  3 giant cockroaches
  3 goblins
  5 hobgoblins
  6 jackals (D:2)
  5 bats
  2 frilled lizards (D:1)
  8 kobolds
  5 rats
46 creatures vanquished.

Notes
Turn   | Place    | Note
-------+----------+-------------------------------------------
     0 | D:1      | Gynju the Octopode Wizard began the quest for the Orb.
     0 | D:1      | Reached XP level 1. HP: 11/11 MP: 4/4
   217 | D:1      | Reached XP level 2. HP: 16/17 MP: 0/6
  1088 | D:1      | Reached XP level 3. HP: 21/21 MP: 2/7
  1512 | D:2      | Noticed Sigmund
  1588 | D:1      | Learned a level 2 spell: Blink
  1591 | D:1      | Learned a level 2 spell: Call Imp
  2034 | D:2      | Reached XP level 4. HP: 27/27 MP: 4/9
  2393 | D:2      | Reached skill level 4 in Spellcasting
  2648 | D:2      | Noticed a sky beast
  2916 | D:3      | Slain by a giant cockroach

Levels and vault maps discovered:
D:1:      shiori_arrival_maze, layout_loops_ring, minmay_pentomino_v2
D:2:      layout_loops_ring, st_stairs_13, lightli_corner_chamber, uniq_sigmund
D:3:      layout_rooms, nemelex_xobeh_ov_fountains_minmay, glass_columns_b,
          kennysheep_path_1, uniq_ijyb

Skill      XL: |  1  2  3  4 |
---------------+-------------+-----
Conjurations   | 2 3 |  3.0
Spellcasting   | 4 |  4.0
Dodging        | |  2.0
Stealth        | |  2.6
Summonings     | |  1.0
Translocations | |  1.0

Action                   |  1- 3 |  4- 6 || total
-------------------------+-------+-------++-------
Melee: Unarmed           |     5 |       ||     5
       Constrict         |     4 |     4 ||     8
       Short sword       |     5 |    18 ||    23
       Tentacles         |     1 |     3 ||     4
 Cast: Magic Dart        |    76 |    36 ||   112
  Eat: Chunk             |     3 |     3 ||     6
Armor: Skin              |     3 |     3 ||     6
Dodge: Dodged            |    16 |    19 ||    35

Table legend:
 A = Non-vault XP
 B = Vault XP
 C = Vault XP percentage of total XP
 D = Non-vault monster count
 E = Vault monster count
 F = Vault count percentage of total count
                 A         B        C        D         E       F
            +---------+---------+-------+---------+---------+-------
      Total |     116 |       8 |   6.5 |      42 |       4 |   8.7
            +---------+---------+-------+---------+---------+-------
        D:1 |      28 |       8 |  22.2 |      18 |       4 |  18.2
        D:2 |      85 |       0 |   0.0 |      22 |       0 |   0.0
        D:3 |       3 |       0 |   0.0 |       2 |       0 |   0.0
            +---------+---------+-------+---------+---------+-------
